 Dungeon Crawl Stone Soup version 0.14-a0-1036-g6cac21b (webtiles) character file.

577 MackTheKnife the Chiller (level 7, -2/46 HPs)
             Began as a Merfolk Ice Elementalist on Nov 24, 2013.
             Was an Initiate of Kikubaaqudgha.
             Slain by a centaur (3 damage)
             ... on Level 5 of the Dungeon.
             The game lasted 00:11:36 (6443 turns).

MackTheKnife the Chiller (Merfolk Ice Elementalist) Turns: 6443, Time: 00:11:36

HP  -2/46        AC  3     Str  8      XL: 7   Next: 10%
MP   1/13        EV 12     Int 15      God: Kikubaaqudgha [......]
Gold 102         SH  0     Dex 16      Spells:  3 memorised,  2 levels left

Res.Fire  : . . .   See Invis. : .   s - -3 long sword (curse)
Res.Cold  : . . .   Warding    : .   h - +0 leather armour (curse)
Life Prot.: . . .   Conserve   : .   (no shield)
Res.Poison: .       Res.Corr.  : .   (no helmet)
Res.Elec. : .       Clarity    : .   (no cloak)
Sust.Abil.: . .     Spirit.Shd : .   (no gloves)
Res.Mut.  : .       Stasis     : .   (no boots)
Res.Rott. : .       Flight     : .   (no amulet)
Saprovore : . . .                    (no ring)
                                     (no ring)

@: very slightly contaminated, slightly resistant to hostile enchantments,
fairly stealthy
A: change form in water, swift swim
a: Renounce Religion


You were on level 5 of the Dungeon.
You worshipped Kikubaaqudgha.
Kikubaaqudgha was noncommittal.
You were not hungry.

You visited 2 branches of the dungeon, and saw 6 of its levels.

You collected 102 gold pieces.


   Skills:
 - Level 3.3 Dodging
 - Level 2.1 Stealth
 - Level 2.4 Spellcasting
   Level 0.7 Conjurations
 + Level 2.0 Summonings
 + Level 7.4 Ice Magic


You had 2 spell levels left.
You knew the following spells:

 Your Spells              Type           Power        Failure   Level  Hunger
a - Ozocubu's Armour      Chrm/Ice       ##........   17%         3    ####...
x - Summon Ice Beast      Ice/Summ       ###.......   34%         4    #####..
z - Freeze                Ice            ###.         1%          1    #......

Inventory:

Hand weapons
 m - a +1,+2 short sword of venom
 s - a cursed -3,-3 long sword (weapon)
 t - a +0 blowgun
Missiles
 u - 24 poisoned needles
Armour
 h - a cursed +0 leather armour (worn)
Magical devices
 a - a wand of lightning (1)
Comestibles
 c - a bread ration
 f - an apple
 g - 3 meat rations
 n - a cheese
Scrolls
 l - 2 scrolls of identify {unknown}
Jewellery
 v - a cursed ring of hunger {unknown}
Potions
 d - a potion of restore abilities
 e - 2 potions of curing
 i - a potion of cure mutation
 j - a potion of lignification {unknown}
 k - a potion of brilliance {unknown}
 p - a potion of invisibility {unknown}
 q - a potion of agility {unknown}
 r - a potion of heal wounds
Books
 b - a book of Frost

   Spells                             Type                      Level
   *Freeze                            Ice                          1
   Throw Frost                        Conjuration/Ice              2
   *Ozocubu's Armour                  Charms/Ice                   3
   Throw Icicle                       Conjuration/Ice              4
   *Summon Ice Beast                  Ice/Summoning                4
   Condensation Shield                Ice                          4

▒▒▒▒▒▒▒ ▒·····▒
▒····· ▒▒▒···▒▒
▒▒▒····)<▒▒▒
▒······(m··▒▒▒
▒····v▒c·(···▒▒
·····▒▒▒▒······▒
···· ▒▒▒······▒
··· ▒▒····· ▒
▒···· ▒▒··


You could see a spatial vortex and a centaur.


Message History

The centaur hits you but does no damage.
Your ice beast hits the spatial vortex.
Your ice beast freezes the spatial vortex!
The spatial vortex resists.
The spatial vortex barely misses you. The spatial vortex hits your ice beast!
Space bends around your ice beast.
You hit the centaur but do no damage.
The centaur is heavily wounded.
The centaur barely misses you. The centaur hits you.
* * * LOW HITPOINT WARNING * * *
The spatial vortex hits you!
* * * LOW HITPOINT WARNING * * *
You blink.
Unknown command.
The centaur wields an uncursed bow.
The centaur shoots an arrow.
The arrow hits you!
* * * LOW HITPOINT WARNING * * *
You see here an arrow.
Unknown command.
Unknown command.
You hit the centaur but do no damage.
The centaur is heavily wounded.
The centaur unwields an uncursed bow.
The centaur hits you.
* * * LOW HITPOINT WARNING * * *
The spatial vortex hits your ice beast! Space bends around your ice beast.
Your ice beast dies!
The centaur hits you.
You die...
Kikubaaqudgha rasps: "You have failed me!
Welcome... death!"

Action                   |  1- 3 |  4- 6 |  7- 9 || total
-------------------------+-------+-------+-------++-------
Melee: Dagger            |    38 |       |       ||    38
       Unarmed           |     3 |       |       ||     3
       Whip              |    56 |       |       ||    56
       Short sword       |     2 |   146 |       ||   148
       Long sword        |       |    70 |     5 ||    75
 Cast: Freeze            |    20 |    71 |     1 ||    92
       Ozocubu's Armour  |     1 |       |       ||     1
       Summon Ice Beast  |       |     4 |     1 ||     5
Evoke: Wand              |       |     1 |       ||     1
  Use: Potion            |       |     4 |       ||     4
       Scroll            |       |     4 |       ||     4
 Stab: Sleeping          |     2 |     3 |       ||     5

Vault maps used:
D:1:      scummos_entry_forest
D:3:      uniq_iyjb, uniq_terence
D:4:      minmay_temple_entry_glass
D:5:      basic_altar, first_bread, serial_bayou_ford_a, minmay_misc_feat_chi,
          hangedman_glass_teeth, uniq_prince_ribbit1, uniq_grinder, uniq_duvessa
Temple:   minmay_temple_forest_path_12

Notes
Turn   | Place    | Note
--------------------------------------------------------------
     0 | D:1      | MackTheKnife, the Merfolk Ice Elementalist, began the quest for the Orb.
     0 | D:1      | Reached XP level 1. HP: 13/13 MP: 3/3
    99 | D:1      | Reached XP level 2. HP: 7/19 MP: 0/4
   966 | D:1      | Reached skill level 4 in Ice Magic
  1056 | D:2      | Reached XP level 3. HP: 24/24 MP: 6/6
  1061 | D:2      | Learned a level 3 spell: Ozocubu's Armour
  1396 | D:2      | Reached skill level 2 in Spellcasting
  1769 | D:2      | Reached XP level 4. HP: 27/30 MP: 5/8
  1869 | D:2      | Reached skill level 3 in Dodging
  3064 | D:3      | Reached skill level 5 in Ice Magic
  3079 | D:3      | Noticed Ijyb
  3108 | D:3      | Killed Ijyb
  3108 | D:3      | Reached XP level 5. HP: 8/35 MP: 3/10
  3770 | D:3      | Noticed Terence
  3779 | D:3      | Killed Terence
  3779 | D:3      | Reached skill level 6 in Ice Magic
  4016 | D:3      | Reached XP level 6. HP: 31/41 MP: 7/11
  4018 | D:3      | Noticed coier's ghost (average GrFi)
  4196 | D:4      | Found a staircase to the Ecumenical Temple.
  4316 | Temple   | Entered the Ecumenical Temple
  4548 | Temple   | Became a worshipper of Kikubaaqudgha
  4995 | D:4      | Reached skill level 7 in Ice Magic
  5163 | D:4      | Learned a level 4 spell: Summon Ice Beast
  5377 | D:4      | Reached skill level 1 in Summonings
  6249 | D:4      | Reached skill level 2 in Summonings
  6249 | D:4      | Reached XP level 7. HP: 20/46 MP: 3/13
  6430 | D:5      | Entered Level 5 of the Dungeon
  6443 | D:5      | HP: 1/46 [centaur (5)]
  6443 | D:5      | Slain by a centaur

Vanquished Creatures
  2 orc priests (D:3)
  2 hounds (D:4)
  A scorpion (D:4)
  2 worker ants (D:4)
  Ijyb (D:3)
  Terence (D:3)
  10 adders
  2 worms (D:2)
  An adder skeleton (D:4)
  A giant gecko (D:1)
  2 oozes
  9 orcs (D:3)
  9 bats
  6 giant cockroaches
  6 hobgoblins
  10 jackals
  2 quokkas (D:2)
  6 giant newts
  11 goblins
  A hobgoblin skeleton (D:4)
  11 kobolds
  7 rats
103 creatures vanquished.

Vanquished Creatures (collateral kills)
  A phantom (D:4)
  A kobold (D:5)
2 creatures vanquished.

Vanquished Creatures (others)
  An ice beast (D:5)
1 creature vanquished.

Grand Total: 106 creatures vanquished
